Map: Acropolis LE

Players

NightKnight

  • Race: Terran Terran
  • League: Platinum
  • Spawn Location: 11:00

Woah - Winner!

  • Race: Terran Terran
  • League: Platinum
  • Spawn Location: 5:00

VOD

Have the link to the VOD?

Description

Time

  • Played on: June 11, 2019, 8:36 p.m.
  • Length: 3:57
Show
View Real Time Build Order
Export as new Build Order

NightKnight Terran 

Build Orders:  

Get SALT Encoding   

  12  0:01  SCV  
  13  0:13  SCV  
  14  0:17  Supply Depot  
  14  0:25  SCV  
  15  0:29  Refinery  
  15  0:39  SCV  
  16  0:45  Barracks  
  16  0:51  SCV  
  17  0:58  Refinery  
  17  1:03  SCV  
  18  1:15  SCV  
  19  1:39  Reaper  
  20  1:42  Factory  
  20  1:48  Orbital Command  
  20  2:00  Supply Depot  
  20  2:16  Barracks  
  20  2:18  Reaper  
  21  2:26  SCV  
  22  2:40  Hellion  
  23  2:55  Supply Depot  
  23  2:58  Reaper  
  24  3:04  Hellion  
  24  3:05  Barracks Tech Lab  
  26  3:11  Starport  
  26  3:30  Marine  
  24  3:41  Factory Tech Lab  
Show
View Real Time Build Order
Export as new Build Order

Woah Terran - Winner!

Build Orders:  

Get SALT Encoding   

  12  0:02  SCV  
  13  0:14  SCV  
  13  0:17  Supply Depot  
  14  0:26  SCV  
  15  0:37  Refinery  
  15  0:42  Barracks  
  15  0:46  SCV  
  16  0:58  SCV  
  16  1:00  Refinery  
  17  1:13  SCV  
  17  1:14  Barracks  
  18  1:31  Reaper  
  19  1:44  Barracks  
  19  1:55  Supply Depot  
  19  2:00  Orbital Command  
  19  2:06  Reaper  
  20  2:11  Reaper  
  21  2:26  Factory  
  21  2:34  Reaper  
  22  2:42  Reaper  
  22  2:43  SCV  
  24  2:53  Reaper  
  24  2:55  SCV  
  26  3:08  SCV  
  27  3:12  Supply Depot  
  27  3:43  SCV  
  27  3:48  Starport  
Tags
 
Matchup
TvT
Race
Terran
Replay Pack
r1
Spawn Locations
Cross Positions
Add a new tag
Caveats
  • Supply blocks, unpowered buildings, or Contaminate may cause inaccurate times.
  • Supply counts are checked every 10 seconds.